 Dungeon Crawl Stone Soup version 0.26-a0-834-g69557b85cc (webtiles) character file.

Game seed: 16001886255716800429

85 kreisler the Vexing (level 4, -2/34 HPs)
             Began as a Gnoll Arcane Marksman on Nov 15, 2020.
             Slain by an orc (4 damage)
             ... on level 2 of the Dungeon on Nov 16, 2020.
             The game lasted 00:06:49 (1127 turns).

kreisler the Vexing (Gnoll Arcane Marksman)         Turns: 1127, Time: 00:06:49

Health: -2/34      AC:  2    Str: 13    XL:     4   Next: 48%
Magic:  8/8        EV: 15    Int: 15    God:
Gold:   69         SH:  0    Dex: 16    Spells: 8/9 levels left

rFire    . . .     SeeInvis .   j - +0 dagger
rCold    + . .     Faith    .   (no shield)
rNeg     . . .     Spirit   .   e - +0 robe
rPois    .         Reflect  .   (no helmet)
rElec    .         Harm     .   (no cloak)
rCorr    .         Rampage  .   (no gloves)
MR       .....                  (no boots)
Stlth    ++........             (no amulet)
HPRegen  0.11/turn              g - ring of protection from cold
MPRegen  0.11/turn              (no ring)

@: slowed, very slow
A: distributed training, fangs 1, strong nose
a: no special abilities


You were on level 2 of the Dungeon.
You visited 1 branch of the dungeon, and saw 2 of its levels.

You collected 69 gold pieces.

Inventory:

Hand Weapons
 a - a +0 shortbow
 j - a +0 dagger (weapon)
Armour
 e - a +0 robe (worn)
 k - a +0 robe of cold resistance
Jewellery
 g - a ring of protection from cold (left hand)
Scrolls
 b - a scroll of enchant weapon {unknown}
 f - a scroll of teleportation {unknown}
 h - a scroll of identify {unknown}
 i - a scroll of enchant armour {unknown}
Potions
 c - a potion of might {unknown}


   Skills:
 + Level 2.7 Fighting
 + Level 1.1 Short Blades
 + Level 1.1 Long Blades
 + Level 1.1 Axes
 + Level 1.1 Maces & Flails
 + Level 1.1 Polearms
 + Level 1.1 Staves
 + Level 1.1 Slings
 + Level 4.6 Bows
 + Level 1.1 Crossbows
 + Level 1.1 Throwing
 + Level 1.1 Armour
 + Level 4.6 Dodging
 + Level 1.1 Stealth
 + Level 1.1 Shields
 + Level 1.1 Unarmed Combat
 + Level 3.0 Spellcasting
 + Level 0.9 Conjurations
 + Level 5.4 Hexes
 + Level 0.9 Summonings
 + Level 0.9 Necromancy
 + Level 0.9 Translocations
 + Level 0.9 Transmutations
 + Level 0.9 Fire Magic
 + Level 0.9 Ice Magic
 + Level 0.9 Air Magic
 + Level 0.9 Earth Magic
 + Level 0.9 Poison Magic
 + Level 1.2 Invocations
 + Level 1.1 Evocations


You had 8 spell levels left.
You knew the following spells:

 Your Spells              Type           Power        Failure   Level
a - Corona                Hex            ###....      2%          1

Your spell library contained the following spells:

 Spells                   Type           Power        Failure   Level
 Slow                     Hex            ###.....     3%          2
 Inner Flame              Hex/Fire       ##......     16%         3
 Portal Projectile        Hex/Tloc       ##....       16%         3
 Cause Fear               Hex            ###.......   22%         4
 Leda's Liquefaction      Hex/Erth       ##........   47%         4


Dungeon Overview and Level Annotations

Branches:
Dungeon (2/15)

Altars:


Innate Abilities, Weirdness & Mutations

Your experience applies equally to all skills.
You have very sharp teeth.
Your uncanny sense of smell can sniff out nearby items.


Message History

Press: ? - help, Shift-Dir - straight line, f - orc
Aim: an orc
Okay, then.
j - a +0 dagger (weapon)
The orc hits you.
* * * LOW HITPOINT WARNING * * *
You hit the orc. You bite the orc.
The orc is severely wounded.
The orc misses you. The orc barely misses you.
The orc hits you from afar with a +0 trident.
* * * LOW HITPOINT WARNING * * *
The orc hits you.
* * * LOW HITPOINT WARNING * * *
Things that are here:
a +0 club; a hobgoblin corpse You see here an arrow.
You hit the orc.
The orc is severely wounded.
The orc barely misses you. The orc hits you.
You die...

#######...........#
#..........(#
#.......(((.#
#..(.†(.###.#
#####)### .# #B# #
#o# #(#### #@o..+
######


You could see 2 orcs and a giant cockroach.

Vanquished Creatures
  2 orc wizards (D:2)
  An adder (D:2)
  A worm (D:2)
  A bat (D:1)
  2 giant cockroaches
  2 hobgoblins
  3 kobolds (D:1)
  A frilled lizard (D:2)
  5 rats (D:1)
18 creatures vanquished.

Notes
Turn   | Place    | Note
-------+----------+-------------------------------------------
     0 | D:1      | kreisler the Gnoll Arcane Marksman began the quest for the
                  | Orb.
     0 | D:1      | Reached XP level 1. HP: 17/17 MP: 4/4
   568 | D:1      | Reached XP level 2. HP: 23/23 MP: 5/5
   904 | D:1      | Upgraded the game from 0.26-a0-831-g7192265339 to
                  | 0.26-a0-834-g69557b85cc
  1078 | D:2      | Reached XP level 3. HP: 28/28 MP: 7/7
  1108 | D:2      | Reached skill level 1 in Short Blades
  1108 | D:2      | Reached skill level 1 in Long Blades
  1108 | D:2      | Reached skill level 1 in Axes
  1108 | D:2      | Reached skill level 1 in Maces & Flails
  1108 | D:2      | Reached skill level 1 in Polearms
  1108 | D:2      | Reached skill level 1 in Staves
  1108 | D:2      | Reached skill level 1 in Slings
  1108 | D:2      | Reached skill level 1 in Crossbows
  1108 | D:2      | Reached skill level 1 in Throwing
  1108 | D:2      | Reached skill level 1 in Armour
  1108 | D:2      | Reached skill level 1 in Stealth
  1108 | D:2      | Reached skill level 1 in Shields
  1108 | D:2      | Reached skill level 1 in Unarmed Combat
  1108 | D:2      | Reached skill level 1 in Invocations
  1108 | D:2      | Reached skill level 1 in Evocations
  1122 | D:2      | Reached XP level 4. HP: 9/34 MP: 8/8
  1127 | D:2      | Slain by an orc

Illustrated notes

Levels and vault maps discovered:
D:1:      minmay_arrival_stair_chambers, layout_loops_cross,
          minmay_misc_feat_roman
D:2:      layout_basic, uniq_crazy_yiuf_cottage

Skill      XL: |  1  2  3 |
---------------+----------+-----
Short Blades   | 1 |  1.1
Long Blades    | 1 |  1.1
Axes           | 1 |  1.1
Maces & Flails | 1 |  1.1
Polearms       | 1 |  1.1
Staves         | 1 |  1.1
Slings         | 1 |  1.1
Crossbows      | 1 |  1.1
Throwing       | 1 |  1.1
Armour         | 1 |  1.1
Stealth        | 1 |  1.1
Shields        | 1 |  1.1
Unarmed Combat | 1 |  1.1
Invocations    | 1 |  1.2
Evocations     | 1 |  1.1
Spellcasting   | 3 |  3.0
Fighting       | |  2.7
Bows           | |  4.6
Dodging        | |  4.6
Conjurations   | |  0.9
Hexes          | |  5.4
Summonings     | |  0.9
Necromancy     | |  0.9
Translocations | |  0.9
Transmutations | |  0.9
Fire Magic     | |  0.9
Ice Magic      | |  0.9
Air Magic      | |  0.9
Earth Magic    | |  0.9
Poison Magic   | |  0.9

Action                   |  1- 3 |  4- 6 || total
-------------------------+-------+-------++-------
Melee: Dagger            |       |     2 ||     2
       Bite              |       |     1 ||     1
 Fire: Shortbow          |    56 |       ||    56
 Cast: Corona            |     2 |       ||     2
Armor: Robe              |     1 |       ||     1
Dodge: Dodged            |    15 |     3 ||    18

Table legend: (Time is in decaauts)
 A = Elapsed time spent in this place.
 B = Non-inter-level travel time spent in this place.
 C = Inter-level travel time spent in this place.
 D = Time resting spent in this place.
 E = Time spent auto-exploring this place.
 F = Levels seen in this place.
 G = Mean time per level.
                   A        B        C        D        E       F      G
               +--------+--------+--------+--------+--------+-----+--------+
         Total |   1136 |   1136 |      0 |      0 |    793 |   2 |  568.0 |
       Dungeon |   1136 |   1136 |      0 |      0 |    793 |   2 |  568.0 |
               +--------+--------+--------+--------+--------+-----+--------+

Top non-repeatable levels by time:
     D:1: 1035 daAuts
     D:2: 100 daAuts
